 Dungeon Crawl Stone Soup version 0.27.1-37-g7b29ead8ac (webtiles) character file.

Game seed: 14225888915585565212

46 AarnesTheHuman the Shield-Bearer (level 3, -1/30 HPs)
             Began as a Formicid Fighter on June 5, 2023.
             Slain by a hound (4 damage)
             ... on level 2 of the Dungeon.
             The game lasted 00:01:01 (1054 turns).

AarnesTheHuman the Shield-Bearer (Formicid Fighter) Turns: 1054, Time: 00:01:02

Health: -1/30      AC:  7    Str: 21    XL:     3   Next: 95%
Magic:  3/3        EV:  8    Int:  7    God:
Gold:   55         SH:  9    Dex: 10    Spells: 2/2 levels left

rFire    . . .     SeeInvis +   a - +0 trident
rCold    . . .     Faith    .   c - +0 kite shield
rNeg     . . .     Spirit   .   b - +0 scale mail
rPois    .         Reflect  .   (helmet unavailable)
rElec    .         Harm     .   (no cloak)
rCorr    .         Rampage  .   (no gloves)
Will     .....                  (no boots)
Stlth    ..........             (no amulet)
HPRegen  0.10/turn              (no ring)
MPRegen  0.08/turn              (no ring)

@: mighty
A: permanent stasis, dig shafts and tunnels, antennae 3, four strong arms
a: Dig, Shaft Self


You were on level 2 of the Dungeon.
You visited 1 branch of the dungeon, and saw 2 of its levels.

You collected 55 gold pieces.

Inventory:

Hand Weapons
 a - a +0 trident (weapon)
Missiles
 j - 5 stones
Armour
 b - a +0 scale mail (worn)
 c - a +0 kite shield (worn)
Scrolls
 e - a scroll of immolation {unknown}
 f - a scroll of vulnerability {unknown}
 g - 2 scrolls of identify {unknown}
 h - a scroll of fog {unknown}
Potions
 i - a potion of heal wounds {unknown}


   Skills:
 + Level 3.8 Fighting
 + Level 2.5 Polearms
 + Level 3.7 Armour
 + Level 4.2 Shields


You had 2 spell levels left.
You didn't know any spells.
Your spell library was empty.

Dungeon Overview and Level Annotations

Branches:
Dungeon (2/15)

Altars:

Shops:
D:2 [


Innate Abilities, Weirdness & Mutations

You cannot be hasted, slowed, berserked, paralysed or teleported.
You can dig through walls and to a lower floor.
You have a pair of large antennae on your head. (SInv)
Your four strong arms can wield two-handed weapons with a shield.


Message History

The hound barely misses you. The adder bites you. You block the hound's attack.
The adder bites you but does no damage.
Your shield and scale mail prevent you from hitting the hound.
The hound is moderately wounded.
The hound bites you. The adder bites you.
You are poisoned.
The adder poisons you! The hound bites you but does no damage.
The adder bites you.
You are too injured to fight recklessly!
You are too injured to fight recklessly!
You are too injured to fight recklessly!
You are too injured to fight recklessly!
You are too injured to fight recklessly!
You are too injured to fight recklessly!
You are too injured to fight recklessly!
You are too injured to fight recklessly!
You are too injured to fight recklessly!
You are too injured to fight recklessly!
You are too injured to fight recklessly!
You are too injured to fight recklessly!
You are too injured to fight recklessly!
You feel sick. You block the hound's attack.
The hound bites you but does no damage.
You feel sick.
A frilled lizard comes into view.
You feel sick.
The frilled lizard hisses angrily.
You block the adder's attack.
You see here a scroll labelled QACWEI FECUS.
You feel sick.
You hit the hound.
The hound is moderately wounded.
You feel sick. The hound bites you.
* * * LOW HITPOINT WARNING * * *
You block the hound's attack.
You feel very mighty all of a sudden.
You feel sick.
You are no longer poisoned.
The hound bites you.
You die...

.# ######## .# #......#
####..
.###......####.....
...........>.....$##.
#. .###................
.. ##
#......#.##.##.##.#
#...<.............##.
###......#.##.##.......
#............Sh@.l.....
##.......##.#.##.#.#...
#.###.####...# .#
###.###.#####..# .#
........... ...# .#
................ ..
###..##.###........ #
#..# # #........ . ...#


You could see a hound, an adder and a frilled lizard.

Vanquished Creatures
  3 adders (D:2)
  A dart slug (D:1)
  A ball python (D:1)
  2 giant cockroaches
  A hobgoblin (D:1)
  3 jackals (D:1)
  A quokka (D:1)
  A bat (D:1)
  2 frilled lizards (D:2)
  2 kobolds
17 creatures vanquished.

Notes
Turn   | Place    | Note
-------+----------+-------------------------------------------
     0 | D:1      | AarnesTheHuman the Formicid Fighter began the quest for the
                  | Orb.
     0 | D:1      | Reached XP level 1. HP: 18/18 MP: 1/1
   130 | D:1      | Reached XP level 2. HP: 7/24 MP: 2/2
   667 | D:1      | Found a faded altar of an unknown god.
   904 | D:2      | Reached skill level 4 in Shields
   904 | D:2      | Reached XP level 3. HP: 29/29 MP: 3/3
   994 | D:2      | Found Dosofre's Antique Armour Shop.
  1054 | D:2      | Slain by a hound

Illustrated notes

Levels and vault maps discovered:
D:1:      amcnicky_arrival_feature_with_door, layout_basic,
          ebering_ecumenical_altar_petrified
D:2:      layout_basic, serial_shops, nicolae_square_shop

Skill      XL: |  1  2 |
---------------+-------+-----
Shields        | 4 |  4.2
Fighting       | |  3.8
Polearms       | |  2.5
Armour         | |  3.7

Action                   || total
-------------------------++-------
Melee: Trident           ||    80
  Use: Potion            ||     1
Armor: Scale mail        ||    29
Dodge: Dodged            ||    38
Block: Kite shield       ||    58
